 Dungeon Crawl Stone Soup version 0.19-a0-583-g665d810 (webtiles) character file.

1449 TheGoonsmith the Conjurer (level 8, -20/41 HPs)
             Began as a Deep Elf Fire Elementalist on June 9, 2016.
             Was a Believer of Sif Muna.
             Demolished by Senshi's ghost (34 damage)
             ... on level 5 of the Dungeon.
             The game lasted 00:10:38 (6414 turns).

TheGoonsmith the Conjurer (DEFE)                    Turns: 6414, Time: 00:10:38

Health: -20/41     AC:  5    Str: 11    XL:     8   Next: 46%
Magic:  17/20      EV: 13    Int: 21    God:    Sif Muna [**....]
Gold:   203        SH:  0    Dex: 22    Spells: 4 memorised, 8 levels left

rFire  + . .     SeeInvis +     e - +0 quarterstaff
rCold  . . .     Gourm    .     a - +0 robe
rNeg   . . .     Faith    .     (shield currently unavailable)
rPois  .         Spirit   .     t - +0 helmet
rElec  .         Dismiss  +     q - +0 cloak
rCorr  .         Reflect  .     (no gloves)
SustAt .         Harm     .     d - +0 pair of boots
MR     +....                    f - amulet of Vich {Dismiss rF+ Dex+5}
Stlth  +++.......               j - ring of see invisible
                                l - +6 ring of strength

@: somewhat resistant to hostile enchantments, fairly stealthy
A: magic resistance 1
a: Channel Energy, Renounce Religion


You were on level 5 of the Dungeon.
You worshipped Sif Muna.
Sif Muna was pleased with you.
You were not hungry.

You visited 1 branch of the dungeon, and saw 5 of its levels.

You collected 203 gold pieces.

Inventory:

Hand Weapons
 e - a +0 quarterstaff (weapon)
 x - a +0 flail
Armour
 a - a +0 robe (worn)
 d - a +0 pair of boots (worn)
 q - a +0 cloak (worn)
 t - a +0 helmet (worn)
Jewellery
 f - the amulet of Vich (around neck) {Dismiss rF+ Dex+5}
   (You found it on level 4 of the Dungeon)

   [amulet of dismissal]

   It may teleport away creatures that harm you.
   It affects your dexterity (+5).
   It protects you from fire.
 j - a ring of see invisible (right hand)
 l - a +6 ring of strength (left hand)
Wands
 r - a wand of flame (0/48)
 y - a wand of iceblast (5/15)
Scrolls
 p - a scroll of identify
 w - 3 scrolls of remove curse
Potions
 g - 2 potions of agility
 h - 3 potions of heal wounds
 k - 2 potions of curing
 m - a potion of brilliance {unknown}
 n - a potion of cure mutation
 o - a potion of lignification
 u - 4 potions of flight
Books
 b - a book of Flames

   Spells                             Type                      Level
   a - Flame Tongue                   Conjuration/Fire             1
   b - Throw Flame                    Conjuration/Fire             2
   c - Conjure Flame                  Conjuration/Fire             3
   d - Inner Flame                    Hexes/Fire                   3
   e - Sticky Flame                   Conjuration/Fire             4
   f - Fireball                       Conjuration/Fire             5
 s - a book of Envenomations

   Spells                             Type                      Level
   a - Spider Form                    Transmutation/Poison         3
   b - Olgreb's Toxic Radiance        Poison                       4
   c - Alistair's Intoxication        Transmutation/Poison         5
   d - Poisonous Cloud                Conjuration/Poison/Air       6
 v - a book of the Dragon

   Spells                             Type                      Level
   a - Flame Tongue                   Conjuration/Fire             1
   b - Cause Fear                     Hexes                        4
   c - Bolt of Fire                   Conjuration/Fire             6
   d - Dragon Form                    Transmutation                7
   e - Dragon's Call                  Summoning                    9
Comestibles
 c - 5 bread rations
 i - 2 meat rations
 z - a slice of pizza
 A - 5 fruits
 B - 2 chunks of flesh


   Skills:
 - Level 2.4 Dodging
 - Level 2.4 Stealth
 + Level 7.2 Spellcasting
 * Level 7.6 Conjurations
 * Level 7.4 Fire Magic


You had 8 spell levels left.
You knew the following spells:

 Your Spells              Type           Power        Failure   Level  Hunger
a - Flame Tongue          Conj/Fire      #####        1%          1    None
c - Conjure Flame         Conj/Fire      #####...     1%          3    None
f - Fireball              Conj/Fire      #####.....   14%         5    #####..
s - Sticky Flame          Conj/Fire      #####...     4%          4    ###....


Dungeon Overview and Level Annotations

Branches:
Dungeon (5/15)
 Temple: D:4-7

Altars:
Dithmenos
Fedhas
Hepliaklqana
Makhleb
Sif Muna
Vehumet
Yredelemnul
The Shining One

Annotations:
D:5 Senshi's ghost, novice OgBe


Innate Abilities, Weirdness & Mutations

You are resistant to hostile enchantments. (MR+)


Message History

Senshi's ghost misses you.
Casting: Flame Tongue
Confirm with . or Enter, or press ? or * to list all spells.
Aiming: Flame Tongue
Press: ? - help, Shift-Dir - straight line, f/p - Senshi's ghost
Aim: Senshi's ghost (lightly damaged)
The flame tongue hits Senshi's ghost.
Senshi's ghost is moderately damaged.
Senshi's ghost hits you!!
Ouch! That really hurt!
Casting: Flame Tongue
Confirm with . or Enter, or press ? or * to list all spells.
Aiming: Flame Tongue
Press: ? - help, Shift-Dir - straight line, f/p - Senshi's ghost
Aim: Senshi's ghost (moderately damaged)
The flame tongue hits Senshi's ghost.
Senshi's ghost is moderately damaged.
Senshi's ghost hits you!!
Ouch! That really hurt!
You die...

##.#.#..##...........##.###### #
##.#.#..........####.##.#
...#.#........#.# #.##.#
...(...###.####.####.##'##
.....### #.# #......#...##
)......# #.##########.....## #
.)####.# #.##.## ##.......## ##
...###)###.#...####.........####.
..).............@W'..>......'..รท.
.....#.##......####.........####.
....##.#.###..## ##.......## ##
...###.#.# #.## ##.....## #
.......#.###.# ##...##
.#.######...## ##+## # ##.# ##.##
#.# # #.# #.# #.######### #.# #.#
##.#.......#


You could see Senshi's ghost.

Vanquished Creatures
  Grinder (D:5)
  The ghost of TheGoonsmith the Conjurer, an amateur DECj of Vehumet (D:3)
  2 phantoms
  An eye of draining (D:5)
  An ogre (D:5)
  A centaur (D:5)
  A scorpion (D:4)
  A howler monkey (D:5)
  A crimson imp (D:5)
  3 giant frog zombies
  A centaur zombie (D:5)
  A centaur skeleton (D:4)
  3 orc priests (D:5)
  A hound (D:5)
  2 orc wizards
  Ijyb (D:4)
  A hound zombie (D:5)
  3 gnolls
  8 adders
  2 oozes
  An adder zombie (D:1)
  6 worms
  2 giant geckos (D:3)
  17 orcs
  5 bats
  3 giant cockroaches
  12 goblins
  6 hobgoblins
  4 jackals
  4 quokkas
  A ball python (D:5)
  A ball python zombie (D:1)
  10 giant newts
  7 kobolds
  8 rats
  A plant (D:4)
124 creatures vanquished.

Notes
Turn   | Place    | Note
--------------------------------------------------------------
     0 | D:1      | TheGoonsmith the Deep Elf Fire Elementalist began the quest for the Orb.
     0 | D:1      | Reached XP level 1. HP: 10/10 MP: 6/6
   267 | D:1      | Reached XP level 2. HP: 15/15 MP: 4/8
   995 | D:1      | Reached XP level 3. HP: 11/19 MP: 3/10
  1838 | D:2      | Reached XP level 4. HP: 24/24 MP: 6/12
  1845 | D:2      | Noticed Ijyb
  2166 | D:2      | Found a blossoming altar of Fedhas.
  2173 | D:2      | Found a glowing golden altar of the Shining One.
  2173 | D:2      | Found a hazy altar of Hepliaklqana.
  2205 | D:2      | Found a basalt altar of Yredelemnul.
  2206 | D:2      | Found a deep blue altar of Sif Muna.
  2214 | D:2      | Became a worshipper of Sif Muna the Loreminder
  2483 | D:2      | Learned a level 3 spell: Conjure Flame
  2488 | D:2      | Learned a level 4 spell: Sticky Flame
  2836 | D:3      | Reached skill level 5 in Spellcasting
  2842 | D:3      | Reached XP level 5. HP: 22/28 MP: 0/14
  2949 | D:3      | Noticed TheGoonsmith's ghost (amateur DECj)
  2958 | D:3      | Killed TheGoonsmith's ghost
  2958 | D:3      | Reached XP level 6. HP: 15/32 MP: 6/16
  3195 | D:3      | Found a shadowy altar of Dithmenos.
  3796 | D:4      | Reached * piety under Sif Muna
  3816 | D:4      | Learned a level 5 spell: Fireball
  3904 | D:4      | Found a shadowy altar of Dithmenos.
  3950 | D:4      | Killed Ijyb
  3950 | D:4      | Reached skill level 5 in Conjurations
  4085 | D:4      | Reached skill level 5 in Fire Magic
  4346 | D:4      | Gained mutation: You occasionally shout uncontrollably at your foes. [potion of mutation]
  4346 | D:4      | Lost mutation: You occasionally shout uncontrollably at your foes. [potion of mutation]
  4346 | D:4      | Gained mutation: You are resistant to hostile enchantments. (MR+) [potion of mutation]
  4387 | D:4      | Got a pitted jade amulet
  4388 | D:4      | Identified the amulet of Vich {Dismiss rF+ Dex+5} (You found it on level 4 of the Dungeon)
  4510 | D:4      | Reached XP level 7. HP: 35/36 MP: 12/17
  4701 | D:5      | Entered Level 5 of the Dungeon
  5071 | D:5      | Reached ** piety under Sif Muna
  5478 | D:5      | Reached XP level 8. HP: 41/41 MP: 15/20
  5582 | D:5      | Noticed Senshi's ghost (novice OgBe)
  6127 | D:5      | Found a burning altar of Makhleb.
  6128 | D:5      | Found a radiant altar of Vehumet.
  6221 | D:5      | Noticed Grinder
  6229 | D:5      | Killed Grinder
  6414 | D:5      | Demolished by Senshi's ghost

Vault maps used:
D:1:      saegor_arrival_fortress
D:2:      kennysheep_the_goblin_king, grunt_temple_overflow_open
D:3:      overflow_temple_1_default, serial_bayou_lagoon_b
D:4:      first_bread, serial_bayou_lagoon_a, nicolae_dithmenos_shadow_blocks
D:5:      grunt_temple_overflow_lords_of_destruction, uniq_grinder

Skill      XL: |  1  2  3  4  5  6  7  8 |
---------------+-------------------------+-----
Conjurations   | 2 3 4 5 6 7 |  7.6
Spellcasting   | 4 5 6 7 |  7.2
Fire Magic     | 4 5 6 7 |  7.4
Dodging        | |  2.4
Stealth        | |  2.4

Action                   |  1- 3 |  4- 6 |  7- 9 || total
-------------------------+-------+-------+-------++-------
Melee: Club              |     6 |       |       ||     6
       Flail             |       |     4 |       ||     4
       Quarterstaff      |       |     1 |    13 ||    14
 Cast: Flame Tongue      |    71 |   136 |   110 ||   317
       Sticky Flame      |       |     1 |     5 ||     6
       Conjure Flame     |       |     1 |     2 ||     3
  Use: Scroll            |       |    16 |     1 ||    17
       Potion            |       |     1 |     1 ||     2
  Eat: Chunk             |     1 |     8 |     7 ||    16
       Beef jerky        |       |     1 |       ||     1
Armor: Robe              |     4 |     6 |     6 ||    16
Dodge: Dodged            |    15 |    30 |    23 ||    68
